 Dungeon Sprint DCSS version 0.17-a0-1210-g1e4f09d (webtiles) character file.

90 Kidiri the Gusty (level 4, -14/33 HPs)
             Began as a Draconian Air Elementalist on June 4, 2015.
             Was an Initiate of Sif Muna.
             Demolished by a hill giant
             ... wielding a +0 giant club
              (24 damage)
             ... in the Dungeon (Sprint IX: "|||||||||||||||||||||||||||||").
             The game lasted 00:04:34 (237 turns).

Kidiri the Gusty (Draconian Air Elementalist)        Turns: 237, Time: 00:04:35

Health: -14/33     AC:  7    Str: 13    XL:     4   Next: 32%
Magic:  1/10       EV: 13    Int: 16    God:    Sif Muna [......]
Gold:   0          SH:  0    Dex: 15    Spells: 4 memorised, 3 levels left

rFire  . . .     SeeInvis .     i - +0 dagger
rCold  . . .     Clarity  .     (armour unavailable)
rNeg   . . .     SustAt   .     (no shield)
rPois  .         Gourm    .     (helmet restricted)
rElec  .         Spirit   .     o - +0 cloak
rCorr  .         Warding  .     p - +0 pair of gloves
rMut   .         NoTele   +     (no boots)
MR     .....                    (no amulet)
Stlth  ++........               r - +3 ring of dexterity
                                q - +3 ring of strength

@: not resistant to hostile enchantments, unstealthy
A: unfitting armour, cold-blooded, AC +5
a: Renounce Religion


You were in the Dungeon.
You worshipped Sif Muna.
Sif Muna was noncommittal.
You were not hungry.

You visited 1 branch

Inventory:

Hand weapons
 i - a +0 dagger (weapon)
Armour
 o - a +0 cloak (worn)
 p - a +0 pair of gloves (worn)
Jewellery
 q - a +3 ring of strength (left hand)
 r - a +3 ring of dexterity (right hand)
Magical devices
 n - a wand of draining (7)
Scrolls
 h - 2 scrolls of blinking
 l - 3 scrolls of remove curse
 m - 2 scrolls of amnesia
Potions
 c - a potion of invisibility
 d - 3 potions of heal wounds
 e - a potion of haste
 f - 3 potions of magic
 g - a potion of berserk rage
 k - 4 potions of curing
Books
 a - a book of Air

   Spells                             Type                      Level
   a - Shock                          Conjuration/Air              1
   b - Swiftness                      Charms/Air                   2
   c - Repel Missiles                 Charms/Air                   2
   d - Static Discharge               Conjuration/Air              3
   e - Lightning Bolt                 Conjuration/Air              5
Comestibles
 b - a bread ration
 j - 3 chunks of flesh


   Skills:
 + Level 3.0 Dodging
 + Level 3.3 Stealth
 * Level 4.2 Spellcasting
 * Level 4.3 Conjurations
 + Level 0.0 Charms
 * Level 5.4 Air Magic


You had 3 spell levels left.
You knew the following spells:

 Your Spells              Type           Power        Failure   Level  Hunger
a - Shock                 Conj/Air       ###.         2%          1    None
b - Repel Missiles        Chrm/Air       ##....       10%         2    ##.....
c - Swiftness             Chrm/Air       ##......     10%         2    ##.....
d - Static Discharge      Conj/Air       ###.....     10%         3    ###....


Dungeon Overview and Level Annotations

Branches:
Dungeon (1/1)

Altars:
Cheibriados
Dithmenos
Elyvilon
Fedhas
Gozag
Kikubaaqudgha
Makhleb
Nemelex Xobeh
Okawaru
Qazlal
Ru
Sif Muna
Trog
Vehumet
Xom
Yredelemnul
Zin
The Shining One
Beogh
Jiyva
Lugonu


Innate Abilities, Weirdness & Mutations

Your plain brown scales are hard (AC +5).
Your body does not fit into most forms of armour.
You are cold-blooded and may be slowed by cold attacks.


Message History

There is a burning altar of Makhleb here.
Casting: Shock
Confirm with . or Enter, or press ? or * to list all spells.
The hill giant is struck by lightning.
The hill giant is lightly wounded.
The lightning grounds out.
The hill giant misses you.
There is an iron altar of Okawaru here.
Casting: Static Discharge
Confirm with . or Enter, or press ? or * to list all spells.
Some blue arcs ground themselves harmlessly around you.
Casting: Static Discharge
Confirm with . or Enter, or press ? or * to list all spells.
Aiming: Shock
Press: ? - help, Shift-Dir - straight line The zap hits the hill giant.
The hill giant is lightly wounded.
The zap misses the ice beast.
The hill giant hits you with a giant club!!
Ouch! That really hurt!
You die... ▓▓▓▓▓▓▓▓▓▓▓▓▓▓▓▓▓▓▓▓▓▓▓▓▓▓▓▓▓▓▓▓▓ ...'.)...'______@CY_e__________'. ▓▓▓▓▓▓▓▓▓▓▓▓▓▓▓▓▓▓▓▓▓▓▓▓▓▓▓▓▓▓▓▓▓

You could see a hill giant, an ice beast and a deep elf mage.

Vanquished Creatures
  An ogre (D)
  An adder zombie (D)
  An orc (D)
  2 goblins (D)
  A hobgoblin (D)
  A quokka (D)
  2 bats (D)
  A giant newt (D)
  A rat (D)
11 creatures vanquished.

Notes
Turn   | Place    | Note
--------------------------------------------------------------
     0 | D        | Kidiri the Draconian Air Elementalist began the quest for the Orb.
     0 | D        | Reached XP level 1. HP: 14/14 MP: 3/3
    47 | D        | Noticed an ogre
    79 | D        | Reached XP level 2. HP: 20/20 MP: 1/5
    83 | D        | Reached skill level 4 in Air Magic
    83 | D        | Killed an ogre
    83 | D        | Reached skill level 5 in Air Magic
    83 | D        | Reached XP level 3. HP: 26/26 MP: 3/8
    83 | D        | Reached XP level 4. HP: 33/33 MP: 3/10
    87 | D        | Learned a level 2 spell: Repel Missiles
    90 | D        | Learned a level 2 spell: Swiftness
    94 | D        | Learned a level 3 spell: Static Discharge
   152 | D        | Found a glowing silver altar of Zin.
   152 | D        | Found a glowing golden altar of the Shining One.
   152 | D        | Found an ancient bone altar of Kikubaaqudgha.
   152 | D        | Found a basalt altar of Yredelemnul.
   152 | D        | Found a shimmering altar of Xom.
   152 | D        | Found a radiant altar of Vehumet.
   153 | D        | Found an iron altar of Okawaru.
   154 | D        | Found a burning altar of Makhleb.
   155 | D        | Found a deep blue altar of Sif Muna.
   156 | D        | Found a bloodstained altar of Trog.
   157 | D        | Found a sparkling altar of Nemelex Xobeh.
   158 | D        | Found a white marble altar of Elyvilon.
   159 | D        | Found a roughly hewn altar of Beogh.
   160 | D        | Found a viscous altar of Jiyva.
   161 | D        | Found a corrupted altar of Lugonu.
   162 | D        | Found a blossoming altar of Fedhas.
   163 | D        | Became a worshipper of Sif Muna the Loreminder
   164 | D        | Found a snail-covered altar of Cheibriados.
   165 | D        | Found a shadowy altar of Dithmenos.
   166 | D        | Found a stormy altar of Qazlal.
   167 | D        | Found an opulent altar of Gozag.
   168 | D        | Found a sacrificial altar of Ru.
   206 | D        | Noticed a hill giant
   206 | D        | Noticed a deep elf mage
   206 | D        | Noticed a phantom
   206 | D        | Noticed a sky beast
   221 | D        | Noticed an ice beast
   237 | D        | Demolished by a hill giant

Vault maps used:
D:        linesprint

Action                   |  1- 3 |  4- 6 || total
-------------------------+-------+-------++-------
Melee: Dagger            |    17 |       ||    17
       Unarmed           |    11 |       ||    11
 Cast: Shock             |     9 |     4 ||    13
       Static Discharge  |       |     3 ||     3
  Use: Potion            |     2 |       ||     2
